[Event "Titled Tuesday Blitz March 28 Early 2023"]
[White "Drygalov, Andrey"]
[Black "Sochacki, Christophe"]
[WhiteFideId "24171735"]
[BlackFideId "662569"]
[WhiteElo "2471"]
[BlackElo "2474"]
[Result "1-0"]
[Round "02"]
[TimeControl "180+2"]
[Date "2023.03.28"]
[WhiteClock "0:00:51"]
[BlackClock "0:00:01"]

1. e4 c6 2. Nf3 d5 3. d3 g6 4. e5 Bg7 5. d4 c5 6. c3 Nc6 7. h3 Nh6 8. dxc5 f6 9. exf6 exf6 10. Be2 O-O 11. O-O Nf7 12. Na3 Nfe5 13. Nb5 b6 14. Nd6 Be6 15. Nd4 Nxd4 16. cxd4 Nd7 17. Be3 bxc5 18. dxc5 Qc7 19. Rc1 Rab8 20. Nb5 Qa5 21. c6 Ne5 22. Nd4 Bf7 23. b3 Rfc8 24. f4 Qxa2 25. fxe5 fxe5 26. Ra1 Qb2 27. Rxa7 Rf8 28. Nb5 Rbc8 29. Raxf7 Rxf7 30. Rxf7 Kxf7 31. Qxd5+ Ke7 32. Bc5+ 1-0


[Site "https://www.chess.com"]

[Event "Titled Tuesday Blitz March 28 Early 2023"]
[White "Godzwon, Iwo"]
[Black "Gukesh D"]
[WhiteFideId "21802483"]
[BlackFideId "46616543"]
[WhiteElo "2284"]
[BlackElo "2612"]
[Result "0-1"]
[Round "02"]
[TimeControl "180+2"]
[Date "2023.03.28"]
[WhiteClock "0:00:04"]
[BlackClock "0:00:32"]

1. e4 c5 2. Nf3 Nc6 3. Bb5 g6 4. Bxc6 dxc6 5. Nc3 Bg7 6. d3 Bg4 7. h3 Bxf3 8. Qxf3 Nf6 9. Be3 Nd7 10. O-O O-O 11. Rad1 e5 12. Qg3 Qe7 13. f4 exf4 14. Bxf4 Ne5 15. Bg5 Qe6 16. Qh4 f6 17. Be3 b6 18. b3 Rad8 19. Ne2 Rd7 20. Rde1 Rdf7 21. Ng3 Qd7 22. Rf2 h5 23. Ref1 Bh8 24. Bh6 Re8 25. Bc1 Re6 26. Bb2 Qe8 27. Qf4 Bg7 28. Qd2 Bf8 29. Bxe5 Rxe5 30. Rxf6 Rxf6 31. Rxf6 Bg7 32. Rf1 Qe7 33. Qf4 Rg5 34. Ne2 Be5 35. Qf3 Kg7 36. Qe3 h4 37. c3 Bd6 38. d4 cxd4 39. cxd4 c5 40. Rf3 cxd4 41. Qxd4+ Kh7 42. Kf1 Re5 43. Nc3 Bc5 44. Qd2 Qe6 45. Nd5 Kg7 46. Rf6 Rxd5 47. Rxg6+ Kxg6 48. Qxd5 Qxd5 49. exd5 Kf5 0-1


[Site "https://www.chess.com"]

[Event "Titled Tuesday Blitz March 28 Early 2023"]
[White "Goudriaan, Etienne"]
[Black "Drozdowski, Kacper"]
[WhiteFideId "1021150"]
[BlackFideId "1136720"]
[WhiteElo "2318"]
[BlackElo "2497"]
[Result "1-0"]
[Round "02"]
[TimeControl "180+2"]
[Date "2023.03.28"]
[WhiteClock "0:00:41"]
[BlackClock "0:01:16"]

1. d4 Nf6 2. c4 g6 3. Nc3 d5 4. cxd5 Nxd5 5. Bd2 Bg7 6. e4 Nxc3 7. Bxc3 O-O 8. Nf3 b6 9. Bd3 Bb7 10. O-O Nd7 11. Re1 e6 12. Bc4 c5 13. d5 exd5 14. Bxg7 Kxg7 15. Bxd5 Bxd5 16. Qxd5 Qe7 17. e5 Rad8 18. Qb7 Rfe8 19. Qxa7 Qe6 20. Qc7 Rc8 21. Qd6 Qxd6 22. exd6 Rxe1+ 23. Rxe1 Rc6 24. Rd1 Kf6 25. a4 h6 26. Nd2 Ke6 27. Nc4 Rc8 28. b3 f6 29. Re1+ Kd5 30. Re7 b5 31. axb5 Ra8 32. g3 Ra1+ 33. Kg2 Nf8 34. d7 Nxd7 35. Rxd7+ Ke6 36. Rd6+ Ke7 37. b6 Rb1 38. b7 Rxb3 39. Rb6 1-0


[Site "https://www.chess.com"]

[Event "Titled Tuesday Blitz March 28 Early 2023"]
[White "Terry, Renato"]
[Black "Seemann, Jakub"]
[WhiteFideId "3803457"]
[BlackFideId "21874697"]
[WhiteElo "2579"]
[BlackElo "2364"]
[Result "1-0"]
[Round "02"]
[TimeControl "180+2"]
[Date "2023.03.28"]
[WhiteClock "0:01:23"]
[BlackClock "0:00:01"]

1. e4 c6 2. Nf3 d5 3. exd5 cxd5 4. Ne5 Nc6 5. d4 Nf6 6. c3 e6 7. Bd3 Bd6 8. f4 Ne4 9. Qf3 O-O 10. Bxe4 dxe4 11. Qxe4 f6 12. Nxc6 bxc6 13. O-O Rb8 14. b4 Ba6 15. Rd1 Qe7 16. Be3 e5 17. dxe5 fxe5 18. f5 Bb7 19. Na3 c5 20. Qc4+ Kh8 21. bxc5 Bc7 22. c6 Bc8 23. Nb5 Rxb5 24. Qxb5 Rxf5 25. Qc5 Qe8 26. Qxa7 Qe7 27. Rd7 Bxd7 28. Qxc7 1-0


[Site "https://www.chess.com"]

[Event "Titled Tuesday Blitz March 28 Early 2023"]
[White "Kozak, Adam"]
[Black "Kim, Sergey"]
[WhiteFideId "753246"]
[BlackFideId "13700570"]
[WhiteElo "2469"]
[BlackElo "2619"]
[Result "1-0"]
[Round "02"]
[TimeControl "180+2"]
[Date "2023.03.28"]
[WhiteClock "0:01:19"]
[BlackClock "0:01:05"]

1. e4 e5 2. g3 Nc6 3. Bg2 g6 4. c4 Bg7 5. Nc3 d6 6. d3 Nge7 7. Nge2 O-O 8. O-O f5 9. f4 Be6 10. Be3 Qd7 11. Qd2 Rae8 12. b3 a6 13. Rae1 Nd4 14. Nd5 c5 15. Nxd4 exd4 16. Bf2 Nxd5 17. cxd5 Bf7 18. b4 b6 19. bxc5 bxc5 20. g4 fxe4 21. dxe4 Qxg4 22. Bg3 c4 23. e5 dxe5 24. fxe5 c3 25. Qd3 Re7 26. Rf4 Qc8 27. e6 Be8 28. Rxf8+ Bxf8 29. Qxd4 Rxe6 30. Rxe6 Bc5 31. Rxe8+ Qxe8 32. Qxc5 1-0


[Site "https://www.chess.com"]

[Event "Titled Tuesday Blitz March 28 Early 2023"]
[White "Sasikiran, Krishnan"]
[Black "Barbosa, Evandro Amorim"]
[WhiteFideId "5004985"]
[BlackFideId "2115824"]
[WhiteElo "2567"]
[BlackElo "2439"]
[Result "1/2-1/2"]
[Round "02"]
[TimeControl "180+2"]
[Date "2023.03.28"]
[WhiteClock "0:00:34"]
[BlackClock "0:00:03"]

1. e4 c5 2. Nf3 e6 3. d4 cxd4 4. Nxd4 Nc6 5. Nc3 Qc7 6. Be3 a6 7. Qd2 Nf6 8. O-O-O Bb4 9. f3 O-O 10. g4 b5 11. g5 Nh5 12. a3 Be7 13. Nf5 exf5 14. Nd5 Qb8 15. exf5 Re8 16. Bh3 b4 17. axb4 Nxb4 18. Nxe7+ Rxe7 19. Bc5 Na2+ 20. Kb1 Re2 21. Qa5 Bb7 22. Bg4 Nf4 23. Bd6 Qc8 24. Qxa2 Qxc2+ 25. Ka1 Nd3 26. g6 Bd5 27. Qa3 Rc8 28. f6 hxg6 29. Bxd7 Rc4 30. fxg7 Be6 31. Be5 Nc5 32. Bxe6 Nb3+ 33. Qxb3 Ra4+ 34. Qxa4 Qxa4+ 35. Ba2 Rxe5 36. Rd3 Kxg7 37. Ra3 Qc6 38. h4 Rc5 39. Rb1 Rc1 40. Rxc1 Qxc1+ 41. Bb1 Qc6 42. f4 Qb6 43. f5 a5 44. fxg6 fxg6 45. Rg3 Qc5 46. Rxg6+ Kf7 47. Rg3 Qb4 48. h5 Qh4 49. Rf3+ Ke7 50. Re3+ Kd6 51. Bg6 Kc6 52. Rc3+ Kb6 53. Ka2 Qa4+ 54. Ra3 Qc4+ 55. Ka1 Qc1+ 56. Ka2 Qc4+ 57. Ka1 Qc1+ 58. Ka2 Qc4+ 1/2-1/2


[Site "https://www.chess.com"]

[Event "Titled Tuesday Blitz March 28 Early 2023"]
[White "Richter, Nils"]
[Black "Dardha, Daniel"]
[WhiteFideId "12990809"]
[BlackFideId "240990"]
[WhiteElo "2381"]
[BlackElo "2581"]
[Result "0-1"]
[Round "02"]
[TimeControl "180+2"]
[Date "2023.03.28"]
[WhiteClock "0:01:04"]
[BlackClock "0:00:55"]

1. b3 g5 2. Bb2 Nf6 3. Nf3 g4 4. Ne5 d6 5. Nd3 e5 6. e3 Nc6 7. c4 Bf5 8. Nc3 Bg7 9. a3 Qd7 10. Nb4 Ne7 11. Nbd5 Nfxd5 12. cxd5 h5 13. e4 Bg6 14. Bc4 a6 15. a4 f5 16. d3 O-O 17. b4 Rf7 18. Qe2 Raf8 19. Rf1 Bh6 20. Bc1 Bxc1 21. Rxc1 fxe4 22. dxe4 Kg7 23. Kd2 Rf4 24. Kc2 c6 25. Kb3 cxd5 26. Nxd5 Rxe4 27. Qd2 Rd4 28. Qg5 Nxd5 29. Bxd5 Rxd5 30. f4 exf4 31. Qxd5 Bf7 0-1


[Site "https://www.chess.com"]

[Event "Titled Tuesday Blitz March 28 Early 2023"]
[White "Demin, Vladimir"]
[Black "Svane, Frederik"]
[WhiteFideId "4167457"]
[BlackFideId "12923044"]
[WhiteElo "2607"]
[BlackElo "2502"]
[Result "0-1"]
[Round "02"]
[TimeControl "180+2"]
[Date "2023.03.28"]
[WhiteClock "0:00:59"]
[BlackClock "0:01:58"]

1. e4 c5 2. Nf3 d6 3. d4 cxd4 4. Qxd4 Nc6 5. Bb5 Bd7 6. Bxc6 Bxc6 7. Nc3 Nf6 8. Bg5 e6 9. O-O-O Be7 10. Qd3 Qa5 11. Kb1 O-O 12. Bc1 Rfd8 13. Nd4 d5 14. e5 Nd7 15. f4 Rac8 16. g4 Nc5 17. Qg3 b5 18. Nb3 Nxb3 19. axb3 b4 20. Ne2 Rb8 21. Be3 d4 22. Bxd4 Bxh1 23. Rxh1 Bc5 24. Rd1 Rd5 25. Rd3 Rbd8 26. Bxc5 Qxc5 27. f5 Rxd3 28. cxd3 Qd5 29. d4 Qe4+ 0-1


[Site "https://www.chess.com"]

[Event "Titled Tuesday Blitz March 28 Early 2023"]
[White "Mitrabha, Guha"]
[Black "Sielecki, Christof"]
[WhiteFideId "5057000"]
[BlackFideId "4620437"]
[WhiteElo "2507"]
[BlackElo "2443"]
[Result "0-1"]
[Round "02"]
[TimeControl "180+2"]
[Date "2023.03.28"]
[WhiteClock "0:00:04"]
[BlackClock "0:00:19"]

1. c4 e6 2. Nc3 d5 3. cxd5 exd5 4. d4 c6 5. Bf4 Bd6 6. Bg3 Ne7 7. e3 Nf5 8. Bd3 Nxg3 9. hxg3 h6 10. Nge2 Nd7 11. Nf4 Nf6 12. Qc2 Qe7 13. O-O-O g5 14. Nfe2 Bd7 15. Bf5 Bxf5 16. Qxf5 Qe6 17. Qxe6+ fxe6 18. f3 g4 19. e4 dxe4 20. fxe4 e5 21. d5 cxd5 22. Nxd5 Nxe4 23. Rhf1 Rc8+ 24. Kb1 Rf8 25. Rxf8+ Kxf8 26. a3 Kf7 27. Rh1 Kg6 28. Rd1 h5 29. Ndc3 Nxc3+ 30. Nxc3 Rd8 31. Nb5 Be7 32. Re1 Kf5 33. Nxa7 Rd2 34. Rf1+ Ke6 35. Nb5 Rxg2 36. Rh1 h4 37. gxh4 g3 38. Nc3 Rh2 39. Rg1 Bxh4 40. Nd1 Kf5 41. Rf1+ Ke4 42. Nc3+ Kd3 43. Rd1+ Ke3 44. Re1+ Kf3 45. Rf1+ Rf2 46. Re1 g2 47. Ka2 Rf1 0-1


[Site "https://www.chess.com"]

[Event "Titled Tuesday Blitz March 28 Early 2023"]
[White "Olenik Campa, Rudi"]
[Black "Vasquez Schroeder, Rodrigo"]
[WhiteFideId "14633264"]
[BlackFideId "3400042"]
[WhiteElo "2249"]
[BlackElo "2600"]
[Result "0-1"]
[Round "02"]
[TimeControl "180+2"]
[Date "2023.03.28"]
[WhiteClock "0:02:37"]
[BlackClock "0:02:45"]

1. e4 c5 2. Nf3 d6 3. d4 cxd4 4. Nxd4 Nf6 5. f3 e6 6. c4 Be7 7. Nc3 O-O 8. Be3 Nc6 9. Be2 d5 10. cxd5 exd5 11. Nxc6 bxc6 12. exd5 Nxd5 13. Nxd5 cxd5 14. O-O Bf6 15. Bd4 Re8 16. Re1 Bf5 17. Qd2 Rc8 18. Rac1 Rxc1 19. Rxc1 Bxd4+ 20. Qxd4 Rxe2 21. Qxa7 g6 0-1


[Site "https://www.chess.com"]

[Event "Titled Tuesday Blitz March 28 Early 2023"]
[White "Zhigalko, Sergei"]
[Black "Priyanka Nutakki"]
[WhiteFideId "13502956"]
[BlackFideId "25049615"]
[WhiteElo "2626"]
[BlackElo "2256"]
[Result "1/2-1/2"]
[Round "02"]
[TimeControl "180+2"]
[Date "2023.03.28"]
[WhiteClock "0:00:05"]
[BlackClock "0:00:11"]

1. e4 e6 2. d4 d5 3. e5 c5 4. c3 Qb6 5. Nf3 Bd7 6. Be2 Bb5 7. Bxb5+ Qxb5 8. a4 Qa6 9. dxc5 Bxc5 10. b4 Be7 11. Na3 Nd7 12. Nb5 Rc8 13. O-O Nh6 14. Bxh6 gxh6 15. Qd2 Qb6 16. Qxh6 a6 17. Qg7 Rf8 18. Nd6+ Bxd6 19. exd6 Qxd6 20. Rfe1 Qf4 21. Nd4 Qf6 22. Qg4 Rc4 23. Qg3 Ke7 24. Rad1 h5 25. h4 Rcc8 26. Qd3 Ne5 27. Qe2 Ng6 28. Qxh5 Rxc3 29. g3 Kd7 30. Qh6 Rh8 31. Qd2 Rc4 32. Qg5 Qxg5 33. hxg5 Rxb4 34. a5 Ra4 35. Nf3 Rxa5 36. Kg2 Kd6 37. Nd2 Ke7 38. Rb1 Rb5 39. Rxb5 axb5 40. Rb1 Rb8 41. Rxb5 Ne5 42. f4 Nc6 43. Nf3 b6 44. g4 Kd6 45. Kg3 Na7 46. Rb1 b5 47. f5 Nc6 48. g6 fxg6 49. fxg6 b4 50. Ng5 Rg8 51. Nf7+ Ke7 52. Rc1 Rxg6 53. Rxc6 Kxf7 54. Rb6 Kf6 55. Rxb4 Rg8 56. Kf3 Rc8 57. Rb3 Rc4 58. Re3 e5 59. Ra3 Kg5 60. Ra5 Rc3+ 61. Ke2 Kxg4 62. Rxd5 Kf4 63. Ra5 Rb3 64. Ra4+ e4 65. Ra2 Rh3 66. Kf1 Rh1+ 67. Kg2 Rd1 68. Kf2 e3+ 69. Ke2 Rd4 70. Ra8 Rb4 71. Rf8+ Ke4 72. Re8+ Kd4 73. Rd8+ Ke4 74. Re8+ Kd4 75. Rd8+ Ke4 76. Re8+ 1/2-1/2


[Site "https://www.chess.com"]

[Event "Titled Tuesday Blitz March 28 Early 2023"]
[White "Rastbod, Ali"]
[Black "Ibarra Jerez, Jose Carlos"]
[WhiteFideId "12567477"]
[BlackFideId "2226332"]
[WhiteElo "2211"]
[BlackElo "2638"]
[Result "0-1"]
[Round "02"]
[TimeControl "180+2"]
[Date "2023.03.28"]
[WhiteClock "0:00:05"]
[BlackClock "0:00:33"]

1. d4 Nf6 2. Nf3 g6 3. g3 d6 4. Bg2 Bg7 5. O-O O-O 6. c4 Bf5 7. Nh4 Be4 8. f3 Bxb1 9. Rxb1 d5 10. b3 Nc6 11. Bb2 e6 12. Qd2 dxc4 13. bxc4 Ne8 14. d5 g5 15. Bxg7 Nxg7 16. Qc3 exd5 17. cxd5 Ne7 18. f4 gxh4 19. Rxb7 hxg3 20. hxg3 Nxd5 21. Qc5 c6 22. Qxc6 Ne3 23. Rd7 Qa5 24. Qc7 Qxc7 25. Rxc7 Nxf1 26. Bxa8 Nxg3 27. Bf3 Ne6 28. Rxa7 Nxf4 29. Kf2 Nf5 30. a4 Rb8 31. a5 Rb2 32. a6 Ra2 33. Ra8+ Kg7 34. Bd5 Nxd5 0-1


[Site "https://www.chess.com"]

[Event "Titled Tuesday Blitz March 28 Early 2023"]
[White "Ider, Borya"]
[Black "Domingo Nunez, Alejandro"]
[WhiteFideId "4901134"]
[BlackFideId "22245561"]
[WhiteElo "2512"]
[BlackElo "2230"]
[Result "0-1"]
[Round "02"]
[TimeControl "180+2"]
[Date "2023.03.28"]
[WhiteClock "0:00:23"]
[BlackClock "0:00:16"]

1. Nf3 g6 2. d4 Bg7 3. Bf4 Nf6 4. e3 b6 5. Be2 Bb7 6. c4 O-O 7. Nc3 d6 8. h3 Nbd7 9. Bh2 Ne4 10. O-O Nxc3 11. bxc3 e5 12. Rb1 Qe7 13. Qc2 f5 14. a4 Be4 15. Qa2 Bxb1 16. Rxb1 Kh8 17. a5 g5 18. Ne1 e4 19. a6 f4 20. Nc2 f3 21. Bf1 Nf6 22. Qa4 g4 23. Qc6 gxh3 24. gxf3 exf3 25. Bd3 Ng4 26. Bg3 h2+ 27. Kh1 Qg5 28. Ne1 Nxe3 29. Nxf3 Qg4 30. Nxh2 Qh3 31. Qe4 Nf5 32. Bf4 Rae8 33. Qc6 Ne7 34. Qb5 Qxd3 35. Rg1 Qe4+ 36. f3 Qxf4 37. Qd7 Ng6 38. Qxc7 Re2 39. Rg2 Rxg2 40. Kxg2 Re8 41. Nf1 Re2+ 42. Kg1 Qg5+ 43. Kh1 Qg2# 0-1


[Site "https://www.chess.com"]

[Event "Titled Tuesday Blitz March 28 Early 2023"]
[White "Moroni, Luca Jr"]
[Black "Rosen, Eric"]
[WhiteFideId "865834"]
[BlackFideId "2032562"]
[WhiteElo "2569"]
[BlackElo "2331"]
[Result "1-0"]
[Round "02"]
[TimeControl "180+2"]
[Date "2023.03.28"]
[WhiteClock "0:00:53"]
[BlackClock "0:00:02"]

1. d4 d5 2. Bf4 Nf6 3. e3 c5 4. dxc5 e6 5. b4 Bd7 6. c3 a5 7. Nd2 axb4 8. cxb4 b6 9. cxb6 Bxb4 10. Bc7 Qc8 11. Nf3 Na6 12. Qb3 Qb7 13. Bxa6 Bxd2+ 14. Nxd2 Rxa6 15. O-O O-O 16. Rfc1 Rfa8 17. Qb2 Ba4 18. Nb3 Bxb3 19. Qxb3 Ne8 20. Rab1 Rxa2 21. h3 h5 22. Qb5 d4 23. exd4 Rd2 24. Qc6 Qxc6 25. Rxc6 Raa2 26. b7 Rxf2 27. b8=Q Rxg2+ 28. Kh1 Kh7 29. Qxe8 f6 30. Qxh5+ 1-0


[Site "https://www.chess.com"]

[Event "Titled Tuesday Blitz March 28 Early 2023"]
[White "Jia, Haoxiang"]
[Black "Deac, Bogdan-Daniel"]
[WhiteFideId "8602999"]
[BlackFideId "1226380"]
[WhiteElo "2593"]
[BlackElo "2649"]
[Result "0-1"]
[Round "02"]
[TimeControl "180+2"]
[Date "2023.03.28"]
[WhiteClock "0:01:38"]
[BlackClock "0:00:51"]

1. Nf3 b6 2. g3 Bb7 3. Bg2 g6 4. O-O Bg7 5. c4 c5 6. d4 cxd4 7. Nxd4 Bxg2 8. Kxg2 Nf6 9. Nc3 Qc8 10. Qd3 d6 11. Bg5 Nbd7 12. b3 h6 13. Bxf6 Nxf6 14. Rac1 a6 15. Rfd1 O-O 16. Nd5 Qb7 17. e4 e6 18. Nxf6+ Bxf6 19. f3 Rfd8 20. h4 h5 21. Nc2 b5 22. Ne3 Rac8 23. Rc2 bxc4 24. Rxc4 Rxc4 25. Nxc4 d5 26. exd5 exd5 27. Ne3 d4 28. Nc4 Qb4 29. Qd2 Qb5 30. Re1 d3 31. Qa5 Qxa5 32. Nxa5 Bc3 0-1


[Site "https://www.chess.com"]

[Event "Titled Tuesday Blitz March 28 Early 2023"]
[White "Alex_Sahakyan2006"]
[Black "Movahed, Sina"]
[BlackFideId "42520835"]
[WhiteElo "2591"]
[BlackElo "2225"]
[Result "0-1"]
[Round "02"]
[TimeControl "180+2"]
[Date "2023.03.28"]
[WhiteClock "0:00:01"]
[BlackClock "0:00:46"]

1. Nf3 Nf6 2. g3 g6 3. Bg2 Bg7 4. O-O O-O 5. d4 d6 6. Nc3 Nbd7 7. e4 c5 8. e5 Ne8 9. dxc5 Nxc5 10. Be3 Nd7 11. exd6 Nxd6 12. Qd3 Nb6 13. Bd4 Nf5 14. Rad1 Nxd4 15. Nxd4 a6 16. h3 Qc7 17. a4 e6 18. a5 Nc4 19. Nde2 Nxb2 20. Qd6 Qc4 21. Rb1 Bxc3 22. Nxc3 Qxc3 23. Rfe1 Qxa5 24. Re5 Nc4 25. Rxa5 Nxd6 26. Rb4 Rd8 27. Kh2 Kf8 28. g4 h6 29. c4 Ke7 30. c5 Ne8 31. Rb6 Nc7 32. Kg3 Nd5 33. Rb3 Kd7 34. f4 Kc7 35. f5 gxf5 36. gxf5 Bd7 37. fxe6 fxe6 38. Kh4 Bc6 39. Rb2 Nf6 40. Bxc6 Rd4+ 41. Kg3 bxc6 42. Ra3 a5 0-1


[Site "https://www.chess.com"]

[Event "Titled Tuesday Blitz March 28 Early 2023"]
[White "Ozen, Deniz"]
[Black "Bodnaruk, Anastasia"]
[WhiteFideId "6349196"]
[BlackFideId "4181751"]
[WhiteElo "2303"]
[BlackElo "2310"]
[Result "1-0"]
[Round "02"]
[TimeControl "180+2"]
[Date "2023.03.28"]
[WhiteClock "0:00:04"]
[BlackClock "0:00:04"]

1. d4 Nf6 2. Bf4 g6 3. Nc3 d5 4. e3 Bg7 5. h4 h5 6. Nf3 O-O 7. Be2 c5 8. dxc5 Qa5 9. O-O Qxc5 10. Nb5 Na6 11. c3 Ne4 12. a4 Bd7 13. Ne5 Rfd8 14. Nd3 Qc8 15. Rc1 Be8 16. Bf3 Qc6 17. Ne5 Qe6 18. Nd3 Bc6 19. Qe2 f6 20. Rfd1 Qf7 21. Bh2 e5 22. Qc2 Qe7 23. c4 f5 24. cxd5 Bxd5 25. b3 Kh7 26. Nb2 Qf7 27. Nc4 Nb4 28. Qe2 a6 29. Nba3 Bc6 30. Nxe5 Bxe5 31. Bxe5 Qxb3 32. Nc4 Bxa4 33. Rxd8 Rxd8 34. Na5 Qe6 35. Bd4 Rd7 36. Bxh5 Nf6 37. Bf3 Nc6 38. Nxc6 Bxc6 39. Bxc6 bxc6 40. Qxa6 Rd6 41. Qb7+ Kh6 42. Qb8 Nh7 43. Qh8 Qd7 44. Be5 Rd5 45. Bf4+ g5 46. Bxg5+ Kg6 47. Rf1 c5 48. Qg8+ Kh5 49. Qh8 Kg6 50. Qc3 Rd3 51. Qc4 Rd5 52. Bf4 Nf6 53. Bg3 Ne4 54. Bf4 Nd2 55. h5+ Kg7 56. Qa6 Nxf1 57. Qg6+ Kh8 58. Qf6+ Kg8 59. Qg6+ Kh8 60. Bg5 Rd6 61. Bf6+ Rxf6 62. Qxf6+ Kh7 63. Qg6+ Kh8 64. h6 Nd2 65. Qf6+ Kh7 66. f3 Nc4 67. Kh2 Nxe3 68. Qg5 Nd5 69. g4 fxg4 70. fxg4 Qd6+ 71. Kh1 Nf4 72. Qg7# 1-0


[Site "https://www.chess.com"]

[Event "Titled Tuesday Blitz March 28 Early 2023"]
[White "Raahul V S"]
[Black "Shimanov, Aleksandr"]
[WhiteFideId "25035525"]
[BlackFideId "4198603"]
[WhiteElo "2168"]
[BlackElo "2631"]
[Result "0-1"]
[Round "02"]
[TimeControl "180+2"]
[Date "2023.03.28"]
[WhiteClock "0:00:07"]
[BlackClock "0:00:07"]

1. c4 g6 2. Nc3 Bg7 3. g3 Nf6 4. Bg2 O-O 5. e4 d6 6. Nge2 c5 7. O-O Nc6 8. d3 Rb8 9. h3 a6 10. Be3 b5 11. Qd2 b4 12. Nd5 Nd7 13. Bh6 e6 14. Bxg7 Kxg7 15. Ne3 e5 16. f4 f6 17. h4 Nb6 18. f5 Nd4 19. Nxd4 exd4 20. Ng4 gxf5 21. exf5 Kh8 22. Rae1 Qc7 23. h5 Qg7 24. Qf4 Nd7 25. h6 Qg5 26. Qxg5 fxg5 27. Re7 Rb6 28. Be4 d5 29. cxd5 Nf6 30. Ne5 Re8 31. Rc7 Kg8 32. Nc6 Bd7 33. g4 b3 34. axb3 Rxb3 35. Ra1 Rb6 36. b3 Rxb3 37. Rxa6 c4 38. dxc4 Rxe4 39. Ra8+ Re8 40. Rxe8+ Bxe8 41. Nxd4 Rg3+ 42. Kf2 Rxg4 43. Ne6 Rh4 44. Ke3 Rxh6 45. Rg7+ Kh8 46. Re7 Rh4 47. Nxg5 h6 48. d6 hxg5 49. c5 Nd5+ 50. Kd3 Nxe7 51. dxe7 Kg7 0-1


[Site "https://www.chess.com"]

[Event "Titled Tuesday Blitz March 28 Early 2023"]
[White "Grigoriants, Sergey"]
[Black "Aslanov, Umid"]
[WhiteFideId "4130804"]
[BlackFideId "13412620"]
[WhiteElo "2502"]
[BlackElo "2103"]
[Result "1-0"]
[Round "02"]
[TimeControl "180+2"]
[Date "2023.03.28"]
[WhiteClock "0:00:08"]
[BlackClock "0:00:03"]

1. d4 d5 2. c4 e6 3. Nc3 Be7 4. Nf3 Nf6 5. Bf4 O-O 6. a3 b6 7. e3 dxc4 8. Bxc4 Ba6 9. Bxa6 Nxa6 10. Qe2 Qc8 11. Rc1 Qb7 12. O-O c5 13. Rfd1 Rfd8 14. Nb5 Rac8 15. h3 h6 16. Ne5 Nd5 17. Bg3 cxd4 18. Nxd4 Nc5 19. Qf3 Bf6 20. b4 Na4 21. Ndc6 Re8 22. e4 Ndc3 23. Rd7 Rc7 24. Rxc7 Qxc7 25. Rxc3 Nxc3 26. Qxc3 a6 27. a4 b5 28. axb5 axb5 29. Qc5 Qb7 30. Ng4 Bg5 31. h4 Rc8 32. hxg5 Qxc6 33. Qxc6 Rxc6 34. gxh6 gxh6 35. f3 Rc1+ 36. Kh2 Rb1 37. Bd6 Kg7 38. Bc5 f5 39. exf5 exf5 40. Ne3 Kf6 41. Nd5+ Ke5 42. Nc3 Rc1 43. Nxb5 Kd5 44. Nd4 f4 45. Ne2 Rc4 46. Kh3 h5 47. Kh4 Ke5 48. Bd4+ Kf5 49. Bc3 Rc8 50. Kxh5 Rg8 51. Nd4+ Ke5 52. b5 1-0


[Site "https://www.chess.com"]

[Event "Titled Tuesday Blitz March 28 Early 2023"]
[White "Dino_Ballecer"]
[Black "Rakhmanov, Aleksandr"]
[BlackFideId "4173708"]
[WhiteElo "2584"]
[BlackElo "2530"]
[Result "0-1"]
[Round "02"]
[TimeControl "180+2"]
[Date "2023.03.28"]
[WhiteClock "0:00:02"]
[BlackClock "0:00:04"]

1. e4 c5 2. Nf3 Nf6 3. Nc3 d5 4. exd5 Nxd5 5. Bb5+ Bd7 6. Bxd7+ Qxd7 7. O-O Nc6 8. d4 cxd4 9. Nxd4 Nxc3 10. bxc3 g6 11. Nxc6 Qxc6 12. Qd4 f6 13. Re1 Kf7 14. a4 e5 15. Qd3 Bc5 16. Bh6 Rhc8 17. Rad1 Rc7 18. h4 Re8 19. h5 Qe6 20. Qf3 Qf5 21. Qd5+ Qe6 22. Qf3 b6 23. Be3 Bxe3 24. hxg6+ hxg6 25. Qxe3 Rh8 26. Rd3 Kg7 27. Red1 Rf7 28. Rd6 Qf5 29. f3 Qh5 30. Qe4 Qh1+ 31. Kf2 Qh4+ 32. Qxh4 Rxh4 33. Rd7 Rxa4 34. Rd8 Rc4 35. Rh1 Rxc3 36. Rdh8 Rxc2+ 37. Kg3 f5 0-1


[Site "https://www.chess.com"]

[Event "Titled Tuesday Blitz March 28 Early 2023"]
[White "Costachi, Mihnea"]
[Black "Ezat, Mohamed"]
[WhiteFideId "1217518"]
[BlackFideId "10600906"]
[WhiteElo "2456"]
[BlackElo "2386"]
[Result "1-0"]
[Round "02"]
[TimeControl "180+2"]
[Date "2023.03.28"]
[WhiteClock "0:00:30"]
[BlackClock "0:00:03"]

1. d4 Nf6 2. c4 g6 3. Nc3 Bg7 4. e4 d6 5. Be2 O-O 6. Bg5 c5 7. d5 b5 8. cxb5 a6 9. a4 Qa5 10. Bd2 Nfd7 11. Nf3 Ne5 12. Nxe5 Bxe5 13. O-O Nd7 14. Qc2 axb5 15. Nxb5 Qb6 16. Bc3 Ba6 17. Ra3 Bxc3 18. bxc3 Ne5 19. a5 Qd8 20. c4 Bxb5 21. cxb5 Rxa5 22. Rh3 c4 23. Bxc4 Qc7 24. Qd2 f5 25. exf5 Rxf5 26. Be2 Ra4 27. Rc3 Qb6 28. Qe3 Qa5 29. Rb3 Rb4 30. b6 Rf8 31. Rfb1 Rxb3 32. Qxb3 Qc5 33. Qe3 Qxe3 34. fxe3 Rb8 35. b7 Nd7 36. Bg4 Nc5 37. Bc8 Kf8 38. Kf2 Ke8 39. Kf3 Kd8 40. Kg4 h6 41. h4 Kc7 42. h5 gxh5+ 43. Kxh5 Ne4 44. Kxh6 Nf6 45. Rb5 Ng4+ 46. Kg5 Nxe3 47. g4 Nc4 48. Kf5 Nb6 49. Ke6 Nxc8 50. bxc8=Q+ Rxc8 51. Kxe7 Rg8 52. Rb4 Rg6 53. Rc4+ Kb6 54. Rc6+ Kb7 55. Rc4 Kb6 56. Kf7 Rg5 57. Ke6 Rg6+ 58. Kf5 Rg8 59. g5 Kb5 60. Rc6 Rf8+ 61. Ke6 Rg8 62. Kf6 Rf8+ 63. Kg6 Rg8+ 64. Kh6 Rh8+ 65. Kg7 Rd8 66. g6 Rd7+ 67. Kf6 Rd8 68. g7 Re8 69. Kf7 1-0


[Site "https://www.chess.com"]

[Event "Titled Tuesday Blitz March 28 Early 2023"]
[White "Souleidis, Georgios"]
[Black "Ahmadzada, Ahmad"]
[WhiteFideId "4206827"]
[BlackFideId "13413007"]
[WhiteElo "2401"]
[BlackElo "2388"]
[Result "0-1"]
[Round "02"]
[TimeControl "180+2"]
[Date "2023.03.28"]
[WhiteClock "0:00:01"]
[BlackClock "0:00:14"]

1. e4 e5 2. Nc3 Nc6 3. Nf3 g6 4. d4 exd4 5. Nxd4 Bg7 6. Be3 Nge7 7. Qd2 O-O 8. O-O-O d5 9. Nxc6 bxc6 10. exd5 cxd5 11. Nxd5 Rb8 12. c3 Be6 13. Bc4 c6 14. Nxe7+ Qxe7 15. Bxe6 Qxe6 16. Kb1 Qe4+ 17. Ka1 Qxg2 18. h4 h5 19. Rhg1 Qe4 20. Bg5 Rb5 21. Rge1 Qa4 22. Qf4 Qa5 23. Rd3 Qa6 24. Red1 Kh7 25. Qc7 Rf5 26. Qd6 Rxf2 27. R3d2 Rf5 28. Be7 Re8 29. Qd7 Rb8 30. Bb4 c5 31. Rd6 Qe2 32. Ba3 Qg4 33. R6d2 Qxh4 34. Qxa7 Re8 35. Qd7 Re3 36. Qd6 Qc4 37. Qc6 Rf1 38. Qd6 Ree1 39. Qd3 Qxd3 0-1


[Site "https://www.chess.com"]

[Event "Titled Tuesday Blitz March 28 Early 2023"]
[White "Rustemov, Alexander"]
[Black "Araujo Sanchez, Josue"]
[WhiteFideId "4119002"]
[BlackFideId "6416896"]
[WhiteElo "2871"]
[BlackElo "2416"]
[Result "1/2-1/2"]
[Round "02"]
[TimeControl "180+2"]
[Date "2023.03.28"]
[WhiteClock "0:00:05"]
[BlackClock "0:00:08"]

1. d4 Nf6 2. c4 e6 3. Nf3 Bb4+ 4. Bd2 Qe7 5. g3 O-O 6. Bg2 d5 7. Qb3 c5 8. Bxb4 cxb4 9. Nbd2 Nc6 10. O-O Rd8 11. e3 b6 12. Rfc1 Na5 13. Qd1 Ba6 14. Ne5 Rac8 15. cxd5 exd5 16. Bh3 Rxc1 17. Rxc1 g6 18. Qc2 Ne8 19. Qa4 f6 20. Nc6 Qc7 21. Rc2 Nxc6 22. Qxc6 Qxc6 23. Rxc6 Bb7 24. Rc2 Kf7 25. b3 Ke7 26. Kf1 Kd6 27. Ke1 a5 28. Nf3 Bc6 29. Kd2 Bd7 30. Bf1 Nc7 31. Ne1 Nb5 32. Bxb5 Bxb5 33. Ng2 Bd7 34. h4 Re8 35. Nf4 Rd8 36. Nd3 Re8 37. Rc1 Rd8 38. a3 bxa3 39. Ra1 Rc8 40. Rxa3 Bf5 41. Ra1 Rc7 42. Rc1 Bxd3 43. Rxc7 Kxc7 44. Kxd3 f5 45. f3 Kd6 46. Kc3 b5 47. Kd3 Kc6 48. Kc3 Kd6 49. Kd3 Ke6 50. Kc3 Kd6 1/2-1/2


[Site "https://www.chess.com"]